 Dungeon Crawl Stone Soup version 0.30.0-29-ga12c61a403 (webtiles) character file.

Game seed: 760086905782758011

3943 ChadusMaximus the Blocker (level 10, -2/79 HPs)
             Began as a Formicid Fighter on June 17, 2023.
             Was a Follower of Okawaru.
             Succumbed to a killer bee's poison
             ... on level 8 of the Dungeon.
             The game lasted 00:07:46 (8861 turns).

ChadusMaximus the Blocker (Formicid Fighter)        Turns: 8861, Time: 00:07:46

Health: -2/79      AC: 14    Str: 26    XL:     10   Next: 44%
Magic:  12/12      EV:  7    Int:  7    God:    Okawaru [*.....]
Gold:   568        SH:  6    Dex: 13    Spells: 9/9 levels left

rFire   . . .        C - +0 battleaxe
rCold   . . .        c - +0 buckler
rNeg    . . .        y - +0 plate armour
rPois   .            (helmet unavailable)
rElec   .            x - +0 cloak
rCorr   .            (no gloves)
SInv    +            (no boots)
Will    +....        m - amulet of the acrobat Stlth
                     (no ring)
HPRegen 0.33/turn    (no ring)
MPRegen 0.13/turn

%: acrobat
@: lethally poisoned (-2 -> -17)
A: permanent stasis, dig shafts and tunnels, antennae 3, four strong arms, fangs
1, no potion heal 1
a: Dig, Shaft Self, Renounce Religion, Heroism


You were on level 8 of the Dungeon.
You worshipped Okawaru.
Okawaru was aware of your devotion.
You visited 2 branches of the dungeon, and saw 9 of its levels.

You collected 568 gold pieces.

Inventory:

Hand Weapons
 a - a +0 war axe
 w - a +4 halberd
 C - a +0 battleaxe (weapon)
Missiles
 q - 4 javelins
 r - 9 boomerangs (quivered)
Armour
 b - a +0 scale mail
 c - a +0 buckler (worn)
 i - a +0 chain mail
 x - a +0 cloak (worn)
 y - a +0 plate armour (worn)
Jewellery
 m - an amulet of the acrobat (around neck)
Wands
 t - a wand of flame (13)
Scrolls
 e - 2 scrolls of amnesia {unknown}
 f - 5 scrolls of identify {unknown}
 j - 2 scrolls of immolation {unknown}
 l - 3 scrolls of teleportation {unknown}
 o - 3 scrolls of blinking {unknown}
 v - a scroll of poison {unknown}
 A - a scroll of enchant weapon {unknown}
 B - a scroll of enchant armour {unknown}
 D - a scroll of fog {unknown}
Potions
 d - 2 potions of might
 g - 2 potions of haste
 h - a potion of mutation
 k - a potion of degeneration {unknown}
 n - a potion of heal wounds {unknown}
 p - 2 potions of curing {unknown}
 s - a potion of lignification {unknown}
 u - a potion of flight {unknown}
 z - a potion of berserk rage {unknown}


   Skills:
 + Level 7.6 Fighting
 + Level 6.4 Axes
 - Level 6.4 Throwing
 + Level 7.5 Armour
 + Level 9.1 Shields
 * Level 3.7 Invocations


You had 9 spell levels left.
You didn't know any spells.
Your spell library contained the following spells:

 Spells                   Type           Power      Damage    Failure   Level
 Apportation              Tloc           0%         N/A       99%         1
 Magic Dart               Conj           0%         1d3       99%         1
 Necrotise                Necr           0%         1d4       99%         1
 Sandblast                Erth           0%         2d4       99%         1
 Ensorcelled Hibernation  Hex/Ice        0%         N/A       100%        2
 Passwall                 Tmut/Erth      0%         N/A       100%        2
 Sublimation of Blood     Necr           0%         N/A       100%        2
 Wereblood                Tmut           0%         N/A       100%        2
 Mephitic Cloud           Conj/Pois/Air  0%         N/A       100%        3
 Spider Form              Tmut/Pois      0%         N/A       100%        3
 Stone Arrow              Conj/Erth      0%         3d7       100%        3
 Anguish                  Hex/Necr       0%         N/A       100%        4
 Summon Small Mammal      Summ           Unusable   N/A       N/A         1
 Call Imp                 Summ           Unusable   N/A       N/A         2
 Summon Hydra             Summ           Unusable   N/A       N/A         7

Dungeon Overview and Level Annotations

Branches:
Dungeon (8/15)             Temple (1/1) D:7
   Lair: D:8-11

Altars:
Ashenzari
Cheibriados
Dithmenos
Elyvilon
Fedhas
Gozag
Hepliaklqana
Kikubaaqudgha
Makhleb
Nemelex Xobeh
Okawaru
Qazlal
Ru
Sif Muna
Trog
Uskayaw
Wu Jian
Xom
Yredelemnul
Zin
The Shining One

Annotations:
D:6 3 runed translucent doors, vfn1303's ghost, novice MiHu


Innate Abilities, Weirdness & Mutations

You cannot be hasted, slowed, berserked, paralysed or teleported.
You can dig through walls and to a lower floor.
You have a pair of large antennae on your head. (SInv)
Your four strong arms can wield two-handed weapons with a shield.
You have very sharp teeth.
Potions are less effective at restoring your health.


Message History

The killer bee stings you but does no damage.
You block the killer bee's attack.
You miss the killer bee.
The killer bee is moderately wounded.
You feel very sick. The killer bee stings you.
The killer bee stings you but does no damage.
You block the killer bee's attack.
You miss the killer bee.
The killer bee is moderately wounded.
You feel very sick. You block the killer bee's attack.
The killer bee barely misses you. You block the killer bee's attack.
Unknown command.
You miss the killer bee.
The killer bee is moderately wounded.
You feel sick. The killer bee stings you.
* * * LOW HITPOINT WARNING * * *
You are more poisoned.
The killer bee poisons you!
The killer bee stings you but does no damage.
You closely miss the killer bee.
The killer bee is moderately wounded.
You feel very sick. The killer bee stings you.
* * * LOW HITPOINT WARNING * * *
The killer bee stings you.
* * * LOW HITPOINT WARNING * * *
You are more poisoned.
The killer bee poisons you! The killer bee stings you.
* * * LOW HITPOINT WARNING * * *
It was a potion of haste.
Your stasis prevents you from being hasted.
* * * LOW HITPOINT WARNING * * *
You feel very sick. You block the killer bee's attack. x2
It was a potion of mutation.
You feel extremely strange.
Your teeth lengthen and sharpen.
Your system partially rejects the healing effects of potions.
You die...

#........#.#<...#.#
#........#.#.####.#
#........#.#......#
#........#.########
+..........#
#........######
#.............####
####+###.)........
#..@†......
#...y......
#..........
#..........
#.......... {
#.......... {
#..........
#..........


You could see a killer bee.

Vanquished Creatures
  A two-headed ogre (D:7)
  Pikel (D:6)
  Grinder (D:6)
  Sigmund (D:4)
  Eustachio (D:6)
  A steam dragon (D:6)
  A water moccasin (D:5)
  An ice beast (D:6)
  A sky beast (D:7)
  A black bear (D:5)
  An ogre (D:6)
  2 centaurs
  4 bullfrogs
  2 scorpions
  4 wights (D:7)
  2 killer bees (D:8)
  A howler monkey (D:6)
  3 orc priests (D:6)
  A gnoll bouda (D:7)
  4 hounds
  An iguana (D:6)
  2 sleepcaps
  7 orc wizards
  8 adders
  23 gnolls
  A white imp (D:7)
  An ufetubus (D:5)
  2 worms (D:3)
  2 dart slugs (D:2)
  11 orcs
  5 endoplasms
  5 giant cockroaches (D:2)
  29 goblins
  29 hobgoblins
  10 quokkas
  5 ball pythons
  5 bats
  A frilled lizard (D:2)
  9 kobolds
  6 rats
196 creatures vanquished.

Vanquished Creatures (others)
  2 orc wizards (D:4)
2 creatures vanquished.

Grand Total: 198 creatures vanquished

Notes
Turn   | Place    | Note
-------+----------+-------------------------------------------
     0 | D:1      | ChadusMaximus the Formicid Fighter began the quest for the
                  | Orb.
     0 | D:1      | Reached XP level 1. HP: 18/18 MP: 1/1
   245 | D:1      | Reached XP level 2. HP: 21/24 MP: 2/2
   595 | D:1      | Reached XP level 3. HP: 25/29 MP: 3/3
  1154 | D:2      | Identified the +0 ring mail "Yfininy" {Stlth+}
  1260 | D:3      | Reached XP level 4. HP: 4/37 MP: 4/4
  1962 | D:2      | Reached XP level 5. HP: 42/42 MP: 5/5
  2117 | D:3      | Noticed a centaur
  2134 | D:3      | Killed a centaur
  2135 | D:3      | Reached skill level 5 in Shields
  2331 | D:3      | Reached XP level 6. HP: 40/49 MP: 6/6
  3370 | D:4      | Noticed Sigmund
  3382 | D:4      | Killed Sigmund
  3383 | D:4      | Reached skill level 1 in Throwing
  3383 | D:4      | Reached XP level 7. HP: 44/55 MP: 7/7
  3768 | D:4      | Reached skill level 6 in Shields
  3776 | D:4      | Reached skill level 5 in Armour
  3907 | D:4      | Reached skill level 5 in Fighting
  4801 | D:5      | Entered Level 5 of the Dungeon
  4809 | D:5      | Reached XP level 8. HP: 62/62 MP: 8/8
  5007 | D:5      | Found a broken altar of Ashenzari.
  5860 | D:5      | Reached skill level 7 in Shields
  6574 | D:6      | Found a runed translucent gate.
  6574 | D:6      | Found a runed translucent gate.
  6574 | D:6      | Found a runed translucent gate.
  6574 | D:6      | Noticed vfn1303's ghost (novice MiHu)
  6649 | D:6      | Noticed Pikel
  6656 | D:6      | Killed Pikel
  6657 | D:6      | Reached skill level 5 in Axes
  6657 | D:6      | Reached skill level 5 in Throwing
  6657 | D:6      | Reached XP level 9. HP: 70/70 MP: 9/9
  7034 | D:6      | Noticed Grinder
  7042 | D:6      | Killed Grinder
  7138 | D:6      | Noticed Eustachio
  7166 | D:6      | Killed Eustachio
  7167 | D:6      | Reached skill level 8 in Shields
  7250 | D:6      | Found a shadowy altar of Dithmenos.
  7440 | D:7      | Found a burning altar of Makhleb.
  7727 | D:6      | Reached XP level 10. HP: 61/79 MP: 10/10
  7995 | D:7      | Found a staircase to the Ecumenical Temple.
  8073 | Temple   | Entered the Ecumenical Temple
  8234 | Temple   | Became a worshipper of Warmaster Okawaru
  8257 | D:7      | Reached skill level 1 in Invocations
  8419 | D:7      | Noticed a two-headed ogre
  8424 | D:7      | Killed a two-headed ogre
  8424 | D:7      | Reached * piety under Okawaru
  8425 | D:7      | Reached skill level 9 in Shields
  8860 | D:8      | HP: 1/79 [poisoned by a killer bee]
  8861 | D:8      | Gained mutation: You have very sharp teeth. [potion of
                  | mutation]
  8861 | D:8      | Gained mutation: Potions are less effective at restoring
                  | your health. [potion of mutation]
  8861 | D:8      | Succumbed to a killer bee's poison

Illustrated notes

Levels and vault maps discovered:
D:1:      psy_arrival_whirlpool, layout_loops_corners
D:2:      layout_loops_ring, nicolae_grassy_gnolls
D:3:      layout_basic, nicolae_concentric_dashed_squares_mild
D:4:      layout_basic, dk_vineyard_1, uniq_sigmund
D:5:      minmay_goblin_kobold_castle, layout_basic, general_overflow_altar,
          dk_noncrumbling_2
D:6:      layout_basic, lemuel_doored_altar, ebering_ghost_rock_garden,
          uniq_grinder, uniq_pikel, uniq_eustachio
D:7:      layout_rooms, lemuel_crystal_altar, minmay_temple_entry_junction_2
D:8:      layout_basic, mainiacjoe_overflow_six_doors_small, serial_rivers,
          chequers_serial_rivers_room_a, chequers_serial_rivers_room_a,
          chequers_serial_rivers_micro_e, chequers_serial_rivers_room_a,
          chequers_serial_rivers_small_b, chequers_serial_rivers_micro_a,
          nicolae_nh_ransacked_shop
Temple:   hc_temple_tempest_star

Skill      XL: |  1  2  3  4  5  6  7  8  9 10 |
---------------+-------------------------------+-----
Armour         | 4 5 6 7 |  7.5
Fighting       | 4 5 6 7 |  7.6
Axes           | 3 4 5 6 |  6.4
Shields        | 5 6 7 8 9 |  9.1
Throwing       | 1 3 5 6 |  6.4
Invocations    | 3 |  3.7

Action                     |  1- 3 |  4- 6 |  7- 9 | 10-12 || total
---------------------------+-------+-------+-------+-------++-------
  Melee: War axe           |   100 |   124 |   276 |    34 ||   534
         Halberd           |       |       |   103 |       ||   103
         Battleaxe         |       |       |       |    29 ||    29
  Throw: Javelin           |       |       |    14 |       ||    14
         Boomerang         |       |       |     9 |     2 ||    11
    Use: Potion            |       |       |       |     3 ||     3
 Armour: Scale mail        |    36 |       |       |       ||    36
         Chain mail        |    22 |    65 |   104 |       ||   191
         Plate armour      |       |       |   173 |    41 ||   214
  Dodge: Dodged            |    60 |    65 |   227 |    56 ||   408
  Block: Buckler           |    35 |    40 |   144 |    38 ||   257
